 Dungeon Crawl Stone Soup version 0.28.0-43-g3370ac3207 (webtiles) character file.

Game seed: 18134257050548949613

44 nickcage the Digger (level 3, -6/19 HPs)
             Began as a Gargoyle Earth Elementalist on Mar 28, 2022.
             Killed by divine providence
             ... invoked by an orc priest
              (15 damage)
             ... on level 4 of the Dungeon.
             The game lasted 00:04:17 (1494 turns).

nickcage the Digger (Gargoyle Earth Elementalist)   Turns: 1494, Time: 00:04:18

Health: -6/19      AC:  5    Str: 11    XL:     3   Next: 62%
Magic:  0/6        EV: 11    Int: 17    God:
Gold:   11         SH:  5    Dex: 10    Spells: 2/6 levels left

rFire   . . .      SeeInvis +   e - +0 short sword
rCold   . . .      Faith    .   (no shield)
rNeg    + . .      Spirit   .   b - +0 robe
rPois   ∞          Reflect  +   (no helmet)
rElec   +          Harm     .   (no cloak)
rCorr   .          Rampage  .   (no gloves)
Will    .....                   (no boots)
Stlth   ++........              f - amulet of reflection
HPRegen 0.06/turn               k - ring of see invisible
MPRegen 0.10/turn               (no ring)

@: no status effects
A: sickness immunity, AC +3, negative energy resistance 1, electricity
resistance, torment resistance 1, petrification resistance
a: no special abilities


You were on level 4 of the Dungeon.
You visited 1 branch of the dungeon, and saw 3 of its levels.

You collected 11 gold pieces.

Inventory:

Hand Weapons
 e - a +0 short sword (weapon)
Missiles
 c - 38 stones
Armour
 b - a +0 robe (worn)
Jewellery
 f - an amulet of reflection (around neck)
 k - a ring of see invisible (left hand)
Scrolls
 g - a scroll of immolation {unknown}
 i - a scroll of enchant weapon {unknown}
 l - a scroll of noise {unknown}
 m - a scroll of enchant armour {unknown}
Potions
 a - a potion of ambrosia {unknown}
 d - a potion of haste {unknown}
 h - a potion of flight {unknown}
 j - a potion of degeneration {unknown}
 n - a potion of lignification {unknown}


   Skills:
 - Level 1.5 Dodging
 - Level 2.1 Stealth
 - Level 2.0 Spellcasting
 * Level 0.2 Conjurations
 - Level 0.7 Transmutations
 + Level 5.4 Earth Magic


You had 2 spell levels left.
You knew the following spells:

 Your Spells              Type           Power      Damage    Failure   Level
a - Sandblast             Erth           40%        2d10      1%          1
b - Stone Arrow           Conj/Erth      22%        3d8       19%         3

Your spell library contained the following spells:

 Spells                   Type           Power      Damage    Failure   Level
 Passwall                 Tmut/Erth      10%        N/A       9%          2
 Petrify                  Tmut/Erth      12%        N/A       50%         4


Dungeon Overview and Level Annotations

Branches:
Dungeon (2/15)

Altars:


Innate Abilities, Weirdness & Mutations

You are immune to sickness and miasma.
Your stone body is resilient. (AC +3)
You are immune to poison.
You resist negative energy. (rN+)
You are resistant to electric shocks. (rElec)
You are resistant to unholy torment.
You are immune to petrification.


Message History

Found a scroll labelled SYTZI ENGAUN IFE.
A ball python comes into view. 2 orcs and a ball python come into view.
Found a scroll of magic mapping.
The orc shouts! x2; The ball python hisses angrily.
The orc moves out of view.
The ball python moves out of view.
An orc priest comes into view. It is wielding a +0 dagger.
The orc priest shouts!
The endoplasm quivers.
The orc priest looks satisfied for a moment.
The endoplasm jiggles.
The blast of sand hits the ball python.
You kill the ball python!
The endoplasm freezes you.
You are frozen.
The blast of sand hits the ball python!
You kill the ball python!
The endoplasm freezes you.
You are frozen.
The blast of sand hits the endoplasm!
You kill the endoplasm!
The blast of sand hits the orc!
You kill the orc!
The blast of sand hits the orc!
You kill the orc!
The blast of sand misses the orc priest.
You closely miss the orc priest. The orc priest closely misses you.
You closely miss the orc priest. The orc priest closely misses you.
You barely miss the orc priest.
The orc priest hits you with a +0 dagger.
You barely miss the orc priest. You block the orc priest's attack.
You are too injured to fight recklessly!
Aiming: Sandblast (safe; 1% risk of failure)
Press: ? - help, Q - select action, (/) - cycle Shift-Dir - straight line, f/p - orc priest
Aim: an orc priest, wielding a +0 dagger (81% to hit)
The blast of sand misses the orc priest.
The orc priest mumbles some strange prayers to Beogh against you.
Beogh smites you!
Ouch! That really hurt!
You die...

#.........####....#####
#>........# #.#......
#.........# ##.##....#
##.......## #..# .....
##.....## #.## ....
###### ##.# ... #.$#
... #.## ########@# .
.......†o# ...
........##.....
..........oo..o
....[...###....
........# ?. ....?...#
........# ........#


You could see an orc priest.

Vanquished Creatures
  An adder (D:2)
  An adder skeleton (D:4)
  2 orcs (D:4)
  6 endoplasms
  A giant cockroach (D:1)
  3 goblins
  A hobgoblin (D:1)
  7 ball pythons
  A bat (D:1)
  A frilled lizard (D:1)
  3 kobolds
  3 rats
30 creatures vanquished.

Notes
Turn   | Place    | Note
-------+----------+-------------------------------------------
     0 | D:1      | nickcage the Gargoyle Earth Elementalist began the quest
                  | for the Orb.
     0 | D:1      | Reached XP level 1. HP: 10/10 MP: 3/3
   314 | D:1      | Reached skill level 4 in Earth Magic
   351 | D:1      | Reached XP level 2. HP: 15/15 MP: 1/5
   572 | D:1      | Found a faded altar of an unknown god.
  1255 | D:2      | Reached skill level 5 in Earth Magic
  1255 | D:2      | Reached XP level 3. HP: 19/19 MP: 3/6
  1259 | D:2      | Learned a level 3 spell: Stone Arrow
  1403 | D:2      | You fall into a shaft and drop 2 floors!
  1494 | D:4      | Killed from afar by an orc priest

Illustrated notes

Levels and vault maps discovered:
D:1:      lemuel_arrival_hallway, layout_basic,
          dreamdust_ecumenical_altar_statues
D:2:      layout_basic, serial_shops, shop, basic_altar, serial_park_tiny_2,
          uniq_robin
D:4:      layout_rooms, nicolae_overflow_quartered_altars, uniq_menkaure

Skill      XL: |  1  2 |
---------------+-------+-----
Earth Magic    | 4 5 |  5.4
Dodging        | |  1.5
Stealth        | |  2.1
Spellcasting   | |  2.0
Conjurations   | |  0.2
Transmutations | |  0.7

Action                   || total
-------------------------++-------
Melee: Short sword       ||    12
 Cast: Sandblast         ||    35
  Use: Scroll            ||     1
 Stab: Sleeping          ||     2
Armor: Robe              ||     1
Dodge: Dodged            ||     4
Block: Other             ||     3
